AoeStats
← Meetjeslander

Arabia

503406598Analyzed
3v3 RM · 1mo ago on Aug 31, 2026· 31m 29s· 6 players
Game mode
Random Map
Map size
Normal (6 player)
Population
200
Speed
Normal
Resources
Standard
Victory
Conquest
Starting age
Dark Age
Ending age
Imperial Age
RankedLock teamsTeams togetherTeam positionsShared explorationLock speedFull tech treeHidden civsTurbo modeCheats
Victory
Defeat
🇧🇪 Persians · Belgium
1250
+8
🇨🇱 Maya · Chile
1182
+11
🇪🇸 Britons · Spain
1174
+11
🇹🇼 Tatars · Taiwan
1095
-11
🇹🇼 Khitans · Taiwan
1079
-11
🇹🇼 Britons · Taiwan
1046
-9
Barrios
4:02 Loom
9:39 Feudal Age
12:52 Double-Bit Axe
15:20 Fletching
24:48 Castle Age
24:09 Forging
23:59 Padded Archer Armor
23:52 Gold Mining
24:49 Stone Mining
24:46 Horse Collar
25:10 Crossbowman
25:51 Bodkin Arrow
26:49 Pikeman
29:10 Ballistics
30:40 Iron Casting
Meetjeslander
4:55 Loom
10:12 Feudal Age
17:33 Castle Age
15:42 Double-Bit Axe
17:18 Bloodlines
19:07 Wheelbarrow
19:11 Husbandry
20:58 Scale Barding Armor
29:07 Forging
Sr Cortes
0:34 Loom
12:15 Feudal Age
12:58 Double-Bit Axe
16:00 Fletching
20:07 Castle Age
18:38 Scale Mail Armor
19:37 Padded Archer Armor
20:33 Crossbowman
23:50 Bodkin Arrow
24:57 Eagle Warrior
26:51 Forging
27:03 Squires
28:49 Wheelbarrow
28:15 Elite Skirmisher
Andre114514
6:41 Loom
8:41 Feudal Age
10:03 Double-Bit Axe
15:23 Horse Collar
18:55 Fletching
21:42 Castle Age
24:00 Padded Archer Armor
25:47 Elite Skirmisher
29:56 Bodkin Arrow
u990221
6:46 Loom
8:56 Feudal Age
9:46 Double-Bit Axe
15:36 Horse Collar
19:17 Fletching
23:02 Castle Age
22:51 Wheelbarrow
22:28 Padded Archer Armor
23:56 Gold Mining
24:36 Bow Saw
27:50 Hand Cart
28:39 Ballistics
28:36 Husbandry
28:47 Bloodlines
30:01 Bodkin Arrow
31:19 Heavy Plow
31:59 Gold Shaft Mining
a1952972
6:50 Loom
9:12 Feudal Age
12:06 Double-Bit Axe
12:04 Domestication
19:28 Scale Barding Armor
19:34 Forging
23:59 Castle Age
21:54 Gold Mining
25:14 Bow Saw
25:06 Husbandry
26:37 Pastoralism
27:43 Chain Barding Armor
31:10 Wheelbarrow
31:29 Iron Casting
Connection lost

Rejoining the realm…

Still unreachable

The connection could not be restored.

Session expired

The server has moved on; the page needs a fresh start.